 Dungeon Sprint DCSS version 0.19.4-25-g1b72edd (webtiles) character file.

29 equalderp2856 the Scratcher (level 3, -29/18 HPs)
             Began as a Felid Fighter on Feb 28, 2017.
             Was a Follower of Vehumet.
             Killed from afar by a deep elf mage (43 damage)
             ... with a bolt of cold
             ... in the Dungeon (Sprint VII: "The Pits").
             The game lasted 00:00:57 (171 turns).

equalderp2856 the Scratcher (Felid Fighter)          Turns: 171, Time: 00:01:18

Health: -29/18     AC:  1    Str: 13    XL:     3   Next: 1%
Magic:  4/4        EV: 20    Int:  9    God:    Vehumet [*.....]
Gold:   0          SH:  0    Dex: 15    Spells: 0 memorised, 2 levels left
                                        Lives:  0   Deaths: 0

rFire  . . .     SeeInvis +       - Unarmed
rCold  . . .     Gourm    .     (armour unavailable)
rNeg   . . .     Faith    .     (shield unavailable)
rPois  .         Spirit   .     (helmet unavailable)
rElec  .         Reflect  .     (cloak unavailable)
rCorr  .         Harm     .     (gloves unavailable)
MR     .....     NoTele   +     (boots unavailable)
Stlth  ++........               (no amulet)
                                (no ring)
                                (no ring)

@: quick
A: no armour, no weapons or thrown items, stealth, claws 1, fangs 3, see
invisible, carnivore 3, speed 1, shaggy fur 1, slow metabolism 1, sharp paws
a: Renounce Religion


You were in the Dungeon.
You worshipped Vehumet.
Vehumet was aware of your devotion.
You were not hungry.

You visited 1 branch

Inventory:

Scrolls
 h - a scroll of blinking
 j - 3 scrolls of remove curse
 k - 5 scrolls of amnesia
 l - a scroll of summoning
Potions
 a - a potion of might
 c - a potion of curing
 d - a potion of heal wounds
 e - a potion of haste
 f - 4 potions of magic
 g - 3 potions of berserk rage
 i - 2 potions of invisibility
Comestibles
 b - 8 meat rations


   Skills:
 + Level 3.8 Fighting
 + Level 5.4 Dodging
 + Level 6.2 Unarmed Combat


You had 2 spell levels left.
You didn't know any spells.

Dungeon Overview and Level Annotations

Branches:
Dungeon (1/1)

Altars:
Ashenzari
Cheibriados
Dithmenos
Elyvilon
Fedhas
Gozag
Hepliaklqana
Kikubaaqudgha
Makhleb
Nemelex Xobeh
Okawaru
Qazlal
Ru
Sif Muna
Trog
Uskayaw
Vehumet
Xom
Yredelemnul
Zin
The Shining One
Beogh
Jiyva
Lugonu


Innate Abilities, Weirdness & Mutations

You cannot wear armour.
You are incapable of wielding weapons or throwing items.
Your paws allow you to move quietly. (Stealth)
You have sharp claws.
You have razor-sharp teeth.
You have supernaturally acute eyesight. (SInv)
You are carnivorous and can eat meat at any time.
You cover ground quickly.
You are covered in fur. (AC +1)
You have a slow metabolism.
Your sharp claws are effective at attacking unaware monsters.


Message History

Okay, then.
You start resting.
HP restored.
You open the door.
An orc and a zombie come into view.
The orc shouts!
A deep elf mage comes into view. It is wielding a rapier of speed.
A river rat comes into view.
There is an open door here.
The deep elf mage mumbles some strange words.
The orc closely misses you.
There is an open door here.
You closely miss the orc. Your bite misses the orc. The orc hits you.
You scratch the orc.
The orc is lightly wounded.
The deep elf mage casts a spell at you.
The bolt of cold hits the bat zombie.
The bat zombie resists.
The bolt of cold hits you!
Ouch! That really hurt!
You die...

######)))#.##........
#%?(.')))'.##......#.
##########.##........
#.........†.'........
#+#####†#####......#.
#...#.# #........
#...#.# ####'####
#...'.# #.......#
##@#### #.......#
#.oZ..# #.......#
#..r..# #...<...#
#....eY. #.......#
#........##.......#
###########.......#
#########


You could see a deep elf mage, an ice beast, a river rat, an orc and a bat
zombie.

Vanquished Creatures
  A worker ant (D)
  An adder zombie (D)
  A bat skeleton (D)
  A bat (D)
  A rat (D)
5 creatures vanquished.

Notes
Turn   | Place    | Note
-------+----------+-------------------------------------------
     0 | D        | equalderp2856 the Felid Fighter began the quest for the Orb.
     0 | D        | Reached XP level 1. HP: 10/10 MP: 2/2
    21 | D        | Found a radiant altar of Vehumet.
    21 | D        | Found a hide-covered altar of Uskayaw.
    21 | D        | Found an ancient bone altar of Kikubaaqudgha.
    21 | D        | Found a viscous altar of Jiyva.
    21 | D        | Found a hazy altar of Hepliaklqana.
    22 | D        | Found a bloodstained altar of Trog.
    22 | D        | Found a deep blue altar of Sif Muna.
    22 | D        | Found a sacrificial altar of Ru.
    22 | D        | Found a stormy altar of Qazlal.
    22 | D        | Found an iron altar of Okawaru.
    22 | D        | Found a sparkling altar of Nemelex Xobeh.
    22 | D        | Found an opulent altar of Gozag.
    22 | D        | Found a blossoming altar of Fedhas.
    22 | D        | Found a white marble altar of Elyvilon.
    22 | D        | Found a shadowy altar of Dithmenos.
    22 | D        | Found a snail-covered altar of Cheibriados.
    23 | D        | Found a glowing golden altar of the Shining One.
    23 | D        | Found a glowing silver altar of Zin.
    24 | D        | Found a burning altar of Makhleb.
    24 | D        | Found a basalt altar of Yredelemnul.
    24 | D        | Found a roughly hewn altar of Beogh.
    25 | D        | Found a corrupted altar of Lugonu.
    25 | D        | Found a shimmering altar of Xom.
    25 | D        | Found a shattered altar of Ashenzari.
    38 | D        | Became a worshipper of Vehumet
    78 | D        | Noticed a worker ant
    96 | D        | Killed a worker ant
    96 | D        | Reached skill level 5 in Dodging
    96 | D        | Reached skill level 6 in Unarmed Combat
    96 | D        | Reached XP level 2. HP: 15/15 MP: 3/3
   105 | D        | Reached * piety under Vehumet
   105 | D        | Offered knowledge of Shock by Vehumet.
   111 | D        | Reached XP level 3. HP: 14/18 MP: 4/4
   167 | D        | Noticed a deep elf mage
   169 | D        | Noticed an ice beast
   171 | D        | Killed from afar by a deep elf mage

Skill      XL: |  1 |
---------------+----+-----
Dodging        | 5 |  5.4
Unarmed Combat | 6 |  6.2
Fighting       | |  3.8

Action                   || total
-------------------------++-------
Melee: Unarmed           ||    33
       Bite              ||     3
       Punch             ||     1
Dodge: Dodged            ||    35
